[Event "BPB Limburg Open 2019 Group A"]
[Site "Maastricht, Netherlands"]
[Date "2019.06.07"]
[Round "1.1"]
[White "Bok, Benjamin"]
[Black "Barzen, Pascal"]
[Result "1-0"]
[TimeControl "2h + 15 sec/move"]
[WhiteFideId "1017063"]
[BlackFideId "24653497"]
[WhiteElo "2638"]
[BlackElo "2292"]

1. c4 e5 2. g3 Nc6 3. Bg2 Bc5 4. Nc3 d6 5. e3 a6 6. Nge2 h5 7. d4 Ba7 8. h3 h4 9. g4 f5 10.
d5 Nb8 11. gxf5 Bxf5 12. e4 Bg6 13. Qd3 Nd7 14. Be3 Bxe3 15. Qxe3 Ngf6 16. f4 Bf7 17. f5 g6 18. fxg6 Bxg6 19.
Bf3 Qe7 20. O-O-O O-O-O 21. Rhg1 Bh5 22. Bxh5 Nxh5 23. Rdf1 Rdf8 24. Kd2 Kb8 25. Rxf8+ Qxf8 26. Rg5 Nc5 27. Rf5 Nf6 28. b4 Ncd7 29.
Kc2 b6 30. Nb1 Qg7 31. Nd2 Qg6 32. Qg5 Rg8 33. Qxg6 Rxg6 34. Rf2 Nh5 35. Nf3 Rf6 36. Kd3 b5 37. cxb5 axb5 38. Ke3 Nb6 39.
Nd2 Rg6 40. Rf5 Ng3 41. Rf8+ Kb7 42. Nc3 Nc4+ 43. Nxc4 bxc4 44. Rf7 Nh5 45. Nb5 Rg3+ 46.
Kd2 Rxh3 47. Rxc7+ Kb6 48. a4 Rd3+ 49. Kc2 h3 50. Rc6+ Kb7 51. a5 h2 52. a6+ Kb8 53. a7+ Kb7 54. Rc7+ Kb6 1-0

[Event "BPB Limburg Open 2019 Group A"]
[Site "Maastricht, Netherlands"]
[Date "2019.06.07"]
[Round "1.2"]
[White "Visser, Henk-Jan"]
[Black "Donchenko, Alexander"]
[Result "0-1"]
[TimeControl "2h + 15 sec/move"]
[WhiteFideId "1010204"]
[BlackFideId "24603295"]
[WhiteElo "2249"]
[BlackElo "2618"]

1. e4 c5 2. Nf3 d6 3. d4 cxd4 4. Nxd4 Nf6 5. Nc3 a6 6. Be3 e5 7. Nb3 Be6 8. f3 h5 9. Qd2 Nbd7 10.
O-O-O Be7 11. Kb1 Qc7 12. h3 b5 13. Bd3 h4 14. f4 b4 15. Ne2 a5 16. Rhe1 Qc6 17. Ng1 a4 18. Nc1 b3 19.
Bf2 Nc5 20. Bxc5 Qxc5 21. f5 bxa2+ 22. Ka1 Bd7 23. Nxa2 O-O 24. Ne2 Bc6 25. Nec3 Rfb8 26. g3 hxg3 27. Rg1 Qf2 28. Qc1 Nh5 29.
Rdf1 Qb6 30. Be2 Nf4 31. Rxg3 Bf6 32. Bc4 Ra7 33. Rd1 Qc5 34. Nd5 Bxd5 35. Bxd5 Ne2 36. Qe3 Nxg3 37. Qxg3 Qxc2 38.
Rb1 Rb3 39. Qg1 Ra5 40. Qd1 Qxd1 41. Rxd1 Rxh3 42. Nb4 Bg5 43. Rg1 Be3 44. Rg2 Kf8 45. Ka2 Rb5 46. Nc2 Bc5 47. Bc4 Rb8 48.
Rd2 Ke7 49. Ne1 Bb4 50. Re2 Bxe1 51. Rxe1 Rh2 52. Rb1 Rb4 53. Bd5 Re2 54. Rc1 Rbxb2+ 55. Ka3 Rec2 56. Rh1 Rb8 0-1

[Event "BPB Limburg Open 2019 Group A"]
[Site "Maastricht, Netherlands"]
[Date "2019.06.07"]
[Round "1.3"]
[White "Van Foreest, Jorden"]
[Black "Van Dael, Siem"]
[Result "1-0"]
[TimeControl "2h + 15 sec/move"]
[WhiteFideId "1039784"]
[BlackFideId "1049771"]
[WhiteElo "2610"]
[BlackElo "2290"]

1. e4 c5 2. Nf3 d6 3. d4 cxd4 4. Nxd4 Nf6 5. Nc3 g6 6. Be3 Bg7 7. f3 O-O 8. Qd2 Nc6 9. g4 Be6 10.
O-O-O Nxd4 11. Bxd4 Qa5 12. Kb1 Rfc8 13. a3 Rab8 14. h4 b5 15. Nd5 Qxd2 16. Rxd2 Bxd5 17. exd5 a5 18. h5 Nd7 19.
g5 Ne5 20. hxg6 Nxf3 21. gxf7+ Kf8 22. Bxg7+ Kxg7 23. Rg2 Rh8 24. Bd3 Ne5 25. Bf5 Kxf7 26. Rgh2 Rbf8 27. g6+ Kg7 28. Rxh7+ Rxh7 29.
Rxh7+ Kf6 30. Be4 Rg8 31. c3 Nxg6 32. Rh6 Kg5 33. Rxg6+ Rxg6 34. Bxg6 Kxg6 35. b4 axb4 36. c4 1-0

[Event "BPB Limburg Open 2019 Group A"]
[Site "Maastricht, Netherlands"]
[Date "2019.06.07"]
[Round "1.4"]
[White "Suvorov, Luca"]
[Black "Van Wely, Loek"]
[Result "0-1"]
[TimeControl "2h + 15 sec/move"]
[WhiteFideId "12977071"]
[BlackFideId "1000268"]
[WhiteElo "2276"]
[BlackElo "2604"]

1. d4 Nf6 2. c4 g6 3. f3 c5 4.
d5 d6 5.
e4 Bg7 6. Ne2 e6 7. Nec3 O-O 8. Be3 e5 9. g4 h5 10. h3 Nbd7 11. Bd3 a6 12. a4 Nh7 13. Qd2 h4 14. Rg1 Bf6 15.
g5 Bg7 16. Qf2 f6 17. gxf6 Qxf6 18. Nd2 g5 19. Qg2 Qh6 20. Nd1 Ndf6 21. Bxg5 Nxg5 22. Qxg5 Qxg5 23. Rxg5 Bxh3 24. Ne3 Kf7 25.
Nf5 Bxf5 26. exf5 Bh6 27. Rg6 Bxd2+ 28. Kxd2 Rh8 29. Rh1 Rag8 30. a5 Rh5 31. b3 Rb8 32. Kc3 b6 33. axb6 Rxb6 34.
Bc2 Rb8 35. Rh2 a5 36. Bd3 Rg8 37. Kd2 Rxg6 38. fxg6+ Kg7 39. Ke3 Ng8 40. f4 Nf6 41. Rh3 Rh8 42. Bf5 e4 43. Rh1 Rb8 44.
Rxh4 Rxb3+ 45. Ke2 a4 46. Rh1 a3 47. Ra1 Nh5 48. Kd2 Ng3 49. Bg4 Kxg6 50. Kc2 Rd3 51. Rg1 Kf6 0-1

[Event "BPB Limburg Open 2019 Group A"]
[Site "Maastricht, Netherlands"]
[Date "2019.06.07"]
[Round "1.5"]
[White "Gurevich, Mikhail"]
[Black "Baselmans, Luuk"]
[Result "1-0"]
[TimeControl "2h + 15 sec/move"]
[WhiteFideId "200930"]
[BlackFideId "1051008"]
[WhiteElo "2579"]
[BlackElo "2275"]

1. c4 e5 2. Nc3 Nf6 3. Nf3 Nc6 4. e3 Bb4 5. Qc2 O-O 6. Nd5 a5 7. a3 Be7 8. Bd3 h6 9. b3 d6 10.
Bb2 Bg4 11. h3 Bxf3 12. gxf3 Nxd5 13. cxd5 Nb8 14. Rg1 c6 15. Qc4 Qd7 16. f4 b5 17. Qe4 f5 18. Qg2 g5 19. fxg5 hxg5 20.
Qf3 c5 21. Qh5 Rf7 22. f4 Rh7 23. Qg6+ Rg7 24. Qxf5 Qxf5 25. Bxf5 gxf4 26. Rxg7+ Kxg7 27. exf4 Na6 28. fxe5 dxe5 29.
Ke2 Bf6 30. Rg1+ Kf7 31. Rf1 Kg7 32. d6 Rd8 33. d7 Rb8 34. Be6 Rd8 35. a4 b4 36. d3 Nc7 37. Rg1+ Kf8 38. Bf5 Ke7 39.
Ke3 Nd5+ 40. Kf3 Nb6 41. Bc1 Nxd7 42. Be3 Kf7 43. Ke4 Be7 44. Bxd7 Rxd7 45. Rc1 Ke6 46. h4 Rd8 47. h5 Rh8 48.
h6 Rh7 49. Rh1 Bf8 50. Rh3 Be7 51. Rg3 Kf6 52. Bg5+ 1-0

[Event "BPB Limburg Open 2019 Group A"]
[Site "Maastricht, Netherlands"]
[Date "2019.06.07"]
[Round "1.6"]
[White "Klinova, Masha"]
[Black "Ernst, Sipke"]
[Result "1/2-1/2"]
[TimeControl "2h + 15 sec/move"]
[WhiteFideId "2802015"]
[BlackFideId "1004689"]
[WhiteElo "2266"]
[BlackElo "2541"]

1. e4 e6 2. Nf3 c5 3. c4 Nc6 4. Nc3 Nf6 5. Be2 b6 6. d4 cxd4 7. Nxd4 Bb7 8. Be3 Qb8 9. O-O Bd6 10.
h3 Nxd4 11. Qxd4 Be5 12. Qd3 O-O 13. Bd4 Rd8 14. Bxe5 Qxe5 15. f4 Qc5+ 16. Kh2 Rac8 17. e5 Ne8 18. Rad1 d6 19. Qg3 g6 20.
Nb5 a6 21. Nxd6 Nxd6 22. exd6 Rxd6 23. Rxd6 Qxd6 24. Rd1 Qc7 25. b3 h6 26. Bf3 b5 27. Bxb7 Qxb7 28. cxb5 axb5 29. Qe3 b4 30.
Rd2 Kh7 31. Qd4 Qe7 32. Qe4 Rc1 33. Qd4 Rc3 34. Re2 Qh4 35. Qf2 Qd8 36. Rd2 Qe7 37. Qd4 h5 38. Re2 Qh4 39. Qf2 Qf6 40.
Re4 Qe7 41. Rc4 Rxc4 42. bxc4 Qf6 43. Qe3 Qb2 44. Qc5 Kg8 45. Qd6 h4 46. c5 Qc3 47. c6 1/2-1/2

[Event "BPB Limburg Open 2019 Group A"]
[Site "Maastricht, Netherlands"]
[Date "2019.06.07"]
[Round "1.7"]
[White "Van Foreest, Lucas"]
[Black "Eckardt, Joshua"]
[Result "1-0"]
[TimeControl "2h + 15 sec/move"]
[WhiteFideId "1039792"]
[BlackFideId "12941646"]
[WhiteElo "2522"]
[BlackElo "2260"]

1. e4 e6 2. d4 d5 3. Nd2 c5 4. exd5 Qxd5 5. dxc5 Nf6 6. Nb3 Qe4+ 7. Be3 Nbd7 8. Be2 Nd5 9. Bf3 Qb4+ 10.
c3 Nxe3 11. cxb4 Nxd1 12. Rxd1 Ne5 13. Be2 Be7 14. Bb5+ Bd7 15. Bxd7+ Nxd7 16. Ke2 Bf6 17. Nf3 Bxb2 18. Rd3 O-O-O 19. Rhd1 Ne5 20. Nxe5 Bxe5 21. Na5 Rxd3 22. Rxd3 Bc7 23. Nc4 Rd8 24. b5 Rxd3 25. Kxd3 Kd7 26. Kd4 f6 27. h3 h5 28.
a4 Bd8 29. Nb2 Bc7 30. Nd3 Bd8 31. Kc3 Bc7 32. Kc4 Bd8 33. Nf4 h4 34. f3 g5 35. Ne2 Bc7 36. Nd4 Bf4 37. a5 Be3 38.
Nc2 Bd2 39. a6 bxa6 40. bxa6 Bf4 41. Kb5 Be5 42. Nb4 1-0

[Event "BPB Limburg Open 2019 Group A"]
[Site "Maastricht, Netherlands"]
[Date "2019.06.07"]
[Round "1.8"]
[White "Hoerstmann, Rudi"]
[Black "Nasuta, Grzegorz"]
[Result "0-1"]
[TimeControl "2h + 15 sec/move"]
[WhiteFideId "4604075"]
[BlackFideId "1141686"]
[WhiteElo "2254"]
[BlackElo "2518"]

1. d4 Nf6 2. c4 g6 3. Nc3 d5 4. cxd5 Nxd5 5. e4 Nxc3 6. bxc3 Bg7 7. Be3 c5 8. Qd2 Qa5 9. Nf3 O-O 10.
Rb1 b6 11. Rb5 Qa4 12. dxc5 Qxe4 13. cxb6 axb6 14. Be2 Be6 15. Rb4 Qd5 16. a4 Qc6 17. c4 Rxa4 18. O-O Nd7 19. Rfb1 Rxb4 20.
Qxb4 Rc8 21. Qxe7 Bf8 22. Qh4 Bxc4 23. Rc1 b5 24. h3 Qa6 25. Bxc4 bxc4 26. Bd4 Qd6 27. Bc3 Qd5 28. Nd2 h5 29.
Ne4 Bg7 30. Bxg7 Kxg7 31. Qf4 Qe5 32. Qxe5+ Nxe5 33. Rc3 Nd7 34. Kf1 Nb6 35. Nd2 Kf6 36.
Ke2 Ke5 37. f3 Rc6 38. Re3+ Kd5 39. Ne4 Re6 40. Kd2 Kd4 41. Ra3 Nd5 42. Ra4 Rb6 43. Ra7 f5 44. Ng5 Rb2+ 45. Kc1 Rxg2 46.
h4 Kd3 47. Rd7 Rg1+ 48. Kb2 c3+ 49. Kb3 Rb1+ 50. Ka2 c2 51. Rxd5+ Kc4 52. Rd8 c1=Q 0-1

[Event "BPB Limburg Open 2019 Group A"]
[Site "Maastricht, Netherlands"]
[Date "2019.06.07"]
[Round "1.9"]
[White "Dambacher, Martijn"]
[Black "Strating, Sybolt"]
[Result "1-0"]
[TimeControl "2h + 15 sec/move"]
[WhiteFideId "1005030"]
[BlackFideId "1002694"]
[WhiteElo "2511"]
[BlackElo "2251"]

1. d4 d5 2. c4 c6 3. Nf3 Nf6 4. e3 a6 5. Bd3 dxc4 6. Bxc4 b5 7. Bd3 e6 8. a4 Bb7 9. O-O Be7 10.
e4 Nbd7 11. Qe2 bxa4 12. Nc3 c5 13. d5 exd5 14. e5 Ng8 15. Rd1 Nb6 16. Bf5 g6 17. Bc2 Kf8 18. Bf4 Kg7 19. e6 f6 20.
Be4 Bf8 21. h4 h5 22. Bc2 Bd6 23. Bd2 Ne7 24. Nxa4 Nxa4 25. Rxa4 Qc7 26. b4 cxb4 27. Bxb4 Bxb4 28. Rxb4 a5 29.
Ra4 Ba6 30. Qd2 Bb5 31. Ra3 Bc4 32. Nd4 Ra6 33. Rda1 Rha8 34. Rg3 Rg8 35. Bxg6 Qxg3 36. fxg3 Kxg6 37. Rxa5 Rga8 38. Rxa6 Rxa6 39. Qb4 Ra7 40. Qb8 Ra1+ 41.
Kh2 Kg7 42. Qc7 1-0

[Event "BPB Limburg Open 2019 Group A"]
[Site "Maastricht, Netherlands"]
[Date "2019.06.07"]
[Round "1.10"]
[White "Van Dijk, Harold"]
[Black "Sadzikowski, Daniel"]
[Result "0-1"]
[TimeControl "2h + 15 sec/move"]
[WhiteFideId "1006797"]
[BlackFideId "1132253"]
[WhiteElo "2250"]
[BlackElo "2510"]

1. e4 c5 2. Nc3 a6 3. g3 d6 4. Bg2 Nf6 5. b3 Nc6 6. Bb2 e6 7. Nge2 Be7 8. d4 cxd4 9. Nxd4 Bd7 10.
Nde2 b5 11. Qd2 O-O 12. O-O Qc7 13. Nf4 Rac8 14. Nd1 Ne5 15. Rc1 Bc6 16. Re1 Qb7 17. f3 Rfd8 18. Qe2 Ned7 19. Ne3 Bf8 20.
Red1 a5 21. Bh3 Re8 22. Qd2 a4 23. Ne2 Qb8 24. Nd4 Ba8 25. Ne2 d5 26. exd5 Bxd5 27. Nxd5 Nxd5 28. Bd4 Bc5 29. c4 bxc4 30.
bxc4 Ne5 31. Bg2 Nb6 32. Bxc5 Rxc5 33. f4 Nexc4 34. Qb4 Rec8 35. Rb1 Qc7 36. Rdc1 h5 37. Nd4 h4 38. Nb5 Qe7 39.
Nc3 hxg3 40. hxg3 Nd2 41. Rb2 Nd5 42. Qd4 Nxc3 43. Rxd2 Ne2+ 44. Rxe2 Rxc1+ 45. Kh2 R1c4 46. Qd3 Qd8 47.
Qb1 Rc3 48. Be4 Qd4 49. Qb7 g6 50. Qe7 Qd1 51. Rg2 Rc1 52. g4 Qh1+ 53. Kg3 R8c3+ 54. Bf3 Rxf3+ 55. Kxf3 Rc3+ 0-1

[Event "BPB Limburg Open 2019 Group A"]
[Site "Maastricht, Netherlands"]
[Date "2019.06.07"]
[Round "1.12"]
[White "Hoerstmann, Martin"]
[Black "Beerdsen, Thomas"]
[Result "0-1"]
[TimeControl "2h + 15 sec/move"]
[WhiteFideId "4602730"]
[BlackFideId "1030108"]
[WhiteElo "2247"]
[BlackElo "2488"]

1. d4 d5 2. c4 Nc6 3. cxd5 Qxd5 4. e3 e5 5. Nc3 Bb4 6. a3 Bxc3+ 7. bxc3 Nf6 8. c4 Qd6 9. d5 Ne7 10.
a4 c6 11. Ba3 Qd8 12. Qb3 cxd5 13. Nf3 e4 14. Nd4 O-O 15. Be2 Re8 16. O-O Nc6 17. Rfd1 a6 18. cxd5 Na5 19. Qb2 Nxd5 20.
Rac1 Qg5 21. Rc5 Nc6 22. h4 Qe5 23. Qb3 Nce7 24. Ra5 Be6 25. Qxb7 Qf6 26. Qb2 Qxh4 27. Nxe6 fxe6 28. Rxa6 Rab8 29.
Qa1 Nf5 30. Qe5 Ndxe3 31. fxe3 Ng3 32. Kf2 Rf8+ 33. Bxf8 Rxf8+ 34. Ke1 Nxe2+ 35. Kd2 Qf2 36. Rd6 Nd4+ 37. Kc3 Qxe3+ 38. Kb4 Qb3+ 39.
Ka5 Ra8+ 40. Ra6 Nc6# 0-1

[ePGN "0.1;DGT LiveChess/2.2.4"]

[Event "BPB Limburg Open 2019 Group A"]
[Site "Maastricht, Netherlands"]
[Date "2019.06.08"]
[Round "2.1"]
[White "Bok, Benjamin"]
[Black "Hilwerda, Jonas"]
[Result "1-0"]
[TimeControl "2h + 15 sec/move"]
[WhiteFideId "1017063"]
[BlackFideId "1046713"]
[WhiteElo "2638"]
[BlackElo "2303"]

1. Nf3 Nf6 2. c4 b6 3. g3 Bb7 4. Bg2 e6 5. O-O g6 6. d4 Bg7 7. Bf4 O-O 8. Nc3 Ne4 9. Nb5 Na6 10.
Rc1 Qc8 11. Qc2 d6 12. a3 Re8 13. b4 e5 14. dxe5 dxe5 15. Be3 Rd8 16. c5 bxc5 17. bxc5 Bd5 18. c6 Nb8 19. Rfd1 a6 20.
Na7 Qe6 21. Qxe4 Bxe4 22. Rxd8+ Bf8 23. Bh6 Qe7 24. Rxf8+ Qxf8 25. Bxf8 Kxf8 26. Nxe5 Bxg2 27. Kxg2 Rxa7 28. Rb1 Ra8 29.
Rxb8+ Rxb8 30. Nd7+ 1-0

[Event "BPB Limburg Open 2019 Group A"]
[Site "Maastricht, Netherlands"]
[Date "2019.06.08"]
[Round "2.2"]
[White "Donchenko, Alexander"]
[Black "Song, Raymond"]
[Result "1-0"]
[TimeControl "2h + 15 sec/move"]
[WhiteFideId "24603295"]
[BlackFideId "3203824"]
[WhiteElo "2618"]
[BlackElo "2450"]

1. c4 Nf6 2. g3 e6 3. Bg2 d5 4. Nf3 Be7 5. O-O O-O 6. d4 dxc4 7. Qc2 b6 8. Bg5 Nd5 9. Bxe7 Qxe7 10.
Ne5 Bb7 11. Qxc4 c5 12. Rc1 Rc8 13.
Nc3 Nxc3 14. Rxc3 Bxg2 15. Kxg2 Qb7+ 16. Kg1 Nd7 17. Nxd7 Qxd7 18. Rac1 b5 19. Qd3 c4 20. Qd2 Rd8 21.
b3 cxb3 22. Rxb3 h6 23. e3 Rac8 24. Rbc3 Rxc3 25. Qxc3 a6 26. Qc6 Qd5 27. Qxa6 Ra8 28. Rc8+ Rxc8 29. Qxc8+ Kh7 30. Qc2+ f5 31.
h4 Kg6 32. a3 Kf6 33. Qc8 Qd6 34. Qe8 g6 35. Qh8+ Kf7 36. Qh7+ Kf6 37. Qh8+ Kf7 38. Qh7+ Kf6 39. Qxh6 Qxa3 40.
h5 Qa1+ 41. Kh2 Qf1 42. Qxg6+ Ke7 43. Qg7+ Kd6 44. h6 Qxf2+ 45. Kh3 Qe2 46. Kh4 Qh2+ 47. Kg5 Qxg3+ 48. Kf6 f4 49. Qe7+ Kc6 50. Qxe6+ Kb7 51. Qe4+ 1-0

[Event "BPB Limburg Open 2019 Group A"]
[Site "Maastricht, Netherlands"]
[Date "2019.06.08"]
[Round "2.3"]
[White "Van Foreest, Jorden"]
[Black "Anagnostopoulos, Konstantinos"]
[Result "1-0"]
[TimeControl "2h + 15 sec/move"]
[WhiteFideId "1039784"]
[BlackFideId "4251067"]
[WhiteElo "2610"]
[BlackElo "2325"]

1. Nf3 d5 2. d4 Nf6 3. c4 e6 4. Nc3 Be7 5. h3 O-O 6. cxd5 exd5 7. Bf4 c6 8. e3 Bf5 9. g4 Bg6 10.
Ne5 Qb6 11. Nxg6 fxg6 12. Qb3 Nbd7 13. Bd3 Qxb3 14. axb3 Ne8 15. O-O Bd6 16. Bxd6 Nxd6 17. f3 a6 18. e4 dxe4 19. fxe4 c5 20.
e5 cxd4 21. exd6 dxc3 22. bxc3 Rf6 23. Bc4+ Kh8 24. Rxf6 gxf6 25. Bd5 Rd8 26. c4 Kg7 27. Re1 b6 28. b4 Kh6 29. Re7 Kg5 30.
c5 bxc5 31. Be6 Ne5 32. bxc5 Kf4 33. Bd5 h5 34. Re6 Rc8 35. c6 Kg3 36. c7 hxg4 37. Rxe5 1-0

[Event "BPB Limburg Open 2019 Group A"]
[Site "Maastricht, Netherlands"]
[Date "2019.06.08"]
[Round "2.4"]
[White "Van Wely, Loek"]
[Black "Klein, Felix"]
[Result "1-0"]
[TimeControl "2h + 15 sec/move"]
[WhiteFideId "1000268"]
[BlackFideId "24600458"]
[WhiteElo "2604"]
[BlackElo "2328"]

1. d4 d5 2. c4 e6 3. Nc3 Nf6 4. cxd5 exd5 5. Bg5 c6 6. e3 Bd6 7. Bd3 O-O 8. Qc2 h6 9. Bh4 Re8 10.
Nge2 Be6 11. f3 c5 12. Bxf6 Qxf6 13. Nb5 Qe7 14. Nxd6 Qxd6 15. dxc5 Qe5 16. Qc3 Qxc3+ 17. Nxc3 Rc8 18.
e4 Rxc5 19. exd5 Bxd5 20. Nxd5 Rxd5 21. O-O-O Rc5+ 22. Kb1 Nc6 23. Be4 f5 24. Rd5 Rxd5 25. Bxd5+ Kh7 26. Bxc6 bxc6 27. Re1 Rd8 28.
Kc2 Rd6 29. a4 f4 30. Kc3 Rg6 31. Re2 Rg5 32. b4 Kg8 33. h4 Rg6 34. Kc4 Kf7 35. Kc5 h5 36. Re4 Rxg2 37. Rxf4+ Ke6 38.
Kxc6 g5 39. hxg5 Rxg5 40. b5 Rf5 41. Re4 Kf6 42. Kb7 Rxf3 43. Kxa7 Kf5 44. Rb4 1-0

[Event "BPB Limburg Open 2019 Group A"]
[Site "Maastricht, Netherlands"]
[Date "2019.06.08"]
[Round "2.5"]
[White "De Boer, Eelke"]
[Black "Gurevich, Mikhail"]
[Result "0-1"]
[TimeControl "2h + 15 sec/move"]
[WhiteFideId "1048120"]
[BlackFideId "200930"]
[WhiteElo "2316"]
[BlackElo "2579"]

1. e4 d6 2. d4 g6 3. Nc3 Bg7 4. Be3 a6 5. Qd2 b5 6. f3 Nd7 7. h4 h5 8. Nh3 c5 9. dxc5 Nxc5 10.
O-O-O Bxh3 11. Rxh3 Rc8 12. Bd4 Nf6 13. Nd5 Ncd7 14. Kb1 O-O 15. Be2 Nxd5 16. Bxg7 Kxg7 17. exd5 Nf6 18. g4 Rc5 19.
Qg5 e5 20. f4 Nxg4 21. Qxd8 Rxd8 22. Ra3 Ra8 23. b4 Rcc8 24. Bxg4 hxg4 25. fxe5 dxe5 26. d6 Rc6 27. d7 Rd8 28.
Rad3 Kf6 29. Rg1 Ke6 30. Rxg4 Rxd7 31. Re3 Rd1+ 32. Kb2 Rd2 33. Rc3 Rxc3 34. Kxc3 Rf2 35. a4 Rf3+ 36. Kd2 Rf4 37.
Rxf4 exf4 0-1

[Event "BPB Limburg Open 2019 Group A"]
[Site "Maastricht, Netherlands"]
[Date "2019.06.08"]
[Round "2.6"]
[White "Monroy, Charles"]
[Black "Van Foreest, Lucas"]
[Result "1/2-1/2"]
[TimeControl "2h + 15 sec/move"]
[WhiteFideId "621641"]
[BlackFideId "1039792"]
[WhiteElo "2432"]
[BlackElo "2522"]

1. e4 c5 2. c3 d5 3. exd5 Qxd5 4.
d4 Nc6 5. Nf3 e6 6. Be2 Nf6 7. Na3 cxd4 8. Nb5 Qd7 9. Nbxd4 Nxd4 10. Nxd4 a6 11. Bg5 Be7 12. O-O O-O 13.
Re1 Qc7 14. Bd3 b5 15. Re3 h6 16. Bxh6 gxh6 17. Rg3+ Kh8 18. Qd2 Ng8 19. Rxg8+ Kxg8 20. Qxh6 f5 21. Qg6+ 1/2-1/2

[Event "BPB Limburg Open 2019 Group A"]
[Site "Maastricht, Netherlands"]
[Date "2019.06.08"]
[Round "2.7"]
[White "Nasuta, Grzegorz"]
[Black "Beukema, Stefan"]
[Result "1-0"]
[TimeControl "2h + 15 sec/move"]
[WhiteFideId "1141686"]
[BlackFideId "1024523"]
[WhiteElo "2518"]
[BlackElo "2409"]

1. e4 e5 2. Nf3 Nc6 3. Bb5 a6 4. Ba4 Nf6 5. O-O Be7 6. Re1 b5 7. Bb3 d6 8. c3 O-O 9. h3 Na5 10.
Bc2 c5 11. d4 Qc7 12. Nbd2 cxd4 13. cxd4 Nc6 14. Nb3 a5 15. Be3 a4 16. Nbd2 Bd7 17. Rc1 Qb7 18. Nf1 Rfe8 19. Ng3 h6 20.
Qd2 Bf8 21. d5 Na5 22. b3 b4 23. Rb1 Rec8 24. Rec1 axb3 25. axb3 Ne8 26. Ne1 Nc7 27. Ra1 Qb5 28. Ra2 Nb7 29.
Bd3 Rxa2 30. Bxb5 Rxd2 31. Bxd7 Rd8 32. Rxc7 Rd1 33. Rxb7 Rxe1+ 34. Kh2 1-0

[Event "BPB Limburg Open 2019 Group A"]
[Site "Maastricht, Netherlands"]
[Date "2019.06.08"]
[Round "2.8"]
[White "Schoppen, Casper"]
[Black "Dambacher, Martijn"]
[Result "1-0"]
[TimeControl "2h + 15 sec/move"]
[WhiteFideId "1046730"]
[BlackFideId "1005030"]
[WhiteElo "2464"]
[BlackElo "2511"]

1. e4 c5 2. Nf3 d6 3. d4 cxd4 4. Nxd4 Nf6 5. Nc3 a6 6. h3 e5 7. Nde2 b5 8. g4 b4 9. Nd5 Nxd5 10.
Qxd5 Ra7 11. Be3 Be6 12. Qd3 Rb7 13. Bg2 Be7 14. O-O O-O 15. f4 Bd7 16. Qd2 Bb5 17. Rfd1 Nc6 18. b3 Bxe2 19.
Qxe2 exf4 20. Bxf4 Qb6+ 21. Be3 Qb5 22. Qxb5 Rxb5 23. Bf1 Ra5 24. Rd5 Rxd5 25. exd5 Ne5 26. a3 Rc8 27. Ra2 a5 28.
axb4 axb4 29. Kf2 Nd7 30. Bb5 Nf6 31. Bc6 Bd8 32. Kf3 h5 33. Bd2 Nh7 34. Bxb4 Ng5+ 35. Kg2 Ne4 36. gxh5 Bb6 37.
Ra6 Bc5 38. Ba5 f5 39. b4 Be3 40. b5 f4 41. b6 Rf8 42. Kf3 Ng5+ 43. Ke2 Bd4 44. Kd3 f3 45. Kxd4 Rf4+ 46. Ke3 Re4+ 47.
Kd2 Re2+ 48. Kd1 Ne4 49. b7 Nf2+ 50. Kc1 Nd3+ 51. cxd3 f2 52. b8=Q+ Kh7 53. Qf8 1-0

[Event "BPB Limburg Open 2019 Group A"]
[Site "Maastricht, Netherlands"]
[Date "2019.06.08"]
[Round "2.9"]
[White "Sadzikowski, Daniel"]
[Black "Leenhouts, Koen"]
[Result "1/2-1/2"]
[TimeControl "2h + 15 sec/move"]
[WhiteFideId "1132253"]
[BlackFideId "1008439"]
[WhiteElo "2510"]
[BlackElo "2432"]

1. e4 c5 2. Nf3 e6 3. d4 cxd4 4. Nxd4 Nc6 5. Nc3 Qc7 6. g3 a6 7. Bg2 Nf6 8. O-O h5 9. Bg5 Bc5 10.
Nxc6 bxc6 11. Na4 Ba7 12. c4 d6 13. Qd2 Nd7 14. Rad1 f6 15. Be3 Bb8 16. f4 h4 17. gxh4 Rxh4 18.
Qe1 Rh8 19. Rf3 Bb7 20. Rg3 Rh7 21. b3 c5 22. Qe2 Bc6 23. Nc3 Nf8 24. a3 Ba7 25. b4 cxb4 26. axb4 Rb8 27. b5 axb5 28.
cxb5 Bd7 29. f5 Kf7 30. Bf1 Rc8 31. Rb1 Bb8 32. fxe6+ Bxe6 33. Nd5 Qb7 34. b6 Nd7 35. Bg2 Ne5 36.
Bd4 1/2-1/2

[Event "BPB Limburg Open 2019 Group A"]
[Site "Maastricht, Netherlands"]
[Date "2019.06.08"]
[Round "2.10"]
[White "Beerdsen, Thomas"]
[Black "Warmerdam, Max"]
[Result "1-0"]
[TimeControl "2h + 15 sec/move"]
[WhiteFideId "1030108"]
[BlackFideId "1048104"]
[WhiteElo "2488"]
[BlackElo "2475"]

1. e4 e5 2. Nf3 Nc6 3. Bc4 Bc5 4. c3 Nf6 5. d3 d6 6. a4 a5 7. Bg5 h6 8. Bh4 g5 9. Bg3 O-O 10.
Nbd2 Ba7 11. Qb3 Ne7 12. d4 Ng6 13. O-O-O Qe7 14. h4 g4 15. h5 Nf4 16. Bxf4 exf4 17. Nh4 Kg7 18. Rde1 c6 19.
e5 Nxh5 20. e6 fxe6 21. Bxe6 Bxe6 22. Rxe6 Qf7 23. Rg6+ Kh7 24. Qc2 1-0

[Event "BPB Limburg Open 2019 Group A"]
[Site "Maastricht, Netherlands"]
[Date "2019.06.08"]
[Round "2.11"]
[White "Ernst, Sipke"]
[Black "Harff, Wilfried"]
[Result "1-0"]
[TimeControl "2h + 15 sec/move"]
[WhiteFideId "1004689"]
[BlackFideId "4668685"]
[WhiteElo "2541"]
[BlackElo "2195"]

1. Nf3 c5 2. c4 Nc6 3. b3 Nf6 4. Bb2 e6 5. g3 Be7 6. Bg2 O-O 7. O-O d6 8. d4 cxd4 9. Nxd4 Nxd4 10.
Qxd4 Qc7 11. Nc3 a6 12. Rfd1 Rd8 13. Rac1 Bd7 14. h3 Bc6 15. Nd5 Bxd5 16. cxd5 Qb8 17. dxe6 fxe6 18. h4 d5 19.
Bh3 Qd6 20. Qe3 Ne4 21. Rc4 Bf6 22. Rxe4 Bxb2 23. Bxe6+ Kh8 24. Rxd5 Qf8 25. Bd7 Qf7 26. Qd3 Bf6 27. Kg2 b5 28.
e3 Rab8 29. h5 h6 30. a4 bxa4 31. bxa4 Rb2 32. Be6 Qf8 33. Rxd8 Bxd8 34. Rf4 Bf6 35. Qg6 Rb6 36. Bf5 Qg8 37.
Re4 1-0

[Event "BPB Limburg Open 2019 Group A"]
[Site "Maastricht, Netherlands"]
[Date "2019.06.08"]
[Round "2.12"]
[White "Pham, Khoi"]
[Black "Admiraal, Miguoel"]
[Result "0-1"]
[TimeControl "2h + 15 sec/move"]
[WhiteFideId "1054988"]
[BlackFideId "1019716"]
[WhiteElo "2198"]
[BlackElo "2507"]

1. d4 e6 2. e4 d5 3. Nc3 Nf6 4.
e5 Ng8 5. f4 c5 6. Nf3 Nh6 7. Be3 Nf5 8. Bf2 cxd4 9. Nxd4 Nxd4 10. Qxd4 Nc6 11. Qd2 Bb4 12. a3 Ba5 13. b4 Bb6 14.
Bd3 O-O 15. O-O f6 16. exf6 Rxf6 17. Na4 Bxf2+ 18. Qxf2 Bd7 19. Rae1 Nxb4 20. axb4 Bxa4 21. Qh4 Qb6+ 22. Kh1 Rh6 23.
Qg4 Bb5 24. Bxb5 Qxb5 25. f5 Rf6 26. Rf4 Raf8 27. h3 Rxf5 28. Rxf5 exf5 29. Qd4 h6 30. Re5 f4 31. Re7 Rf7 32.
Rxf7 Kxf7 33. Qxf4+ Kg8 34. Qf5 Qc6 35. Qe5 a6 36. Qe7 Qxc2 37. Qe6+ Kh7 38. Qxd5 Qb1+ 39. Kh2 Qxb4 40. Qf5+ Kg8 41.
Qe6+ Kf8 42. Qc8+ Ke7 43. Qc7+ Kf6 44. Kg3 Qe7 45. Qf4+ Kg6 46. h4 Kh7 47. Kh3 Qe6+ 48. g4 h5 0-1

[ePGN "0.1;DGT LiveChess/2.2.4"]

[Event "BPB Limburg Open 2019 Group A"]
[Site "Maastricht, Netherlands"]
[Date "2019.06.08"]
[Round "3.1"]
[White "Gurevich, Mikhail"]
[Black "Bok, Benjamin"]
[Result "1/2-1/2"]
[TimeControl "2h + 15 sec/move"]
[WhiteFideId "200930"]
[BlackFideId "1017063"]
[WhiteElo "2579"]
[BlackElo "2638"]

1. c4 g6 2. Nc3 c5 3. g3 Bg7 4. Bg2 Nc6 5. a3 e6 6. Rb1 Nge7 7. b4 cxb4 8. axb4 O-O 9. Nf3 d5 10.
b5 Na5 11. cxd5 exd5 12. Ba3 Bf5 13. Rc1 d4 14. Na4 Re8 15. Nc5 b6 16. Nb3 Nxb3 17. Qxb3 Be6 18. Qb1 Bd5 19. O-O Nf5 20.
Rfe1 Qd7 1/2-1/2

[Event "BPB Limburg Open 2019 Group A"]
[Site "Maastricht, Netherlands"]
[Date "2019.06.08"]
[Round "3.2"]
[White "Donchenko, Alexander"]
[Black "Van Foreest, Jorden"]
[Result "1/2-1/2"]
[TimeControl "2h + 15 sec/move"]
[WhiteFideId "24603295"]
[BlackFideId "1039784"]
[WhiteElo "2618"]
[BlackElo "2610"]

1. Nf3 c5 2. c4 Nf6 3. Nc3 Nc6 4. e3 g6 5. d4 cxd4 6. exd4 d5 7. cxd5 Nxd5 8. Qb3 e6 9. Bb5 Bg7 10.
O-O O-O 11. Bxc6 bxc6 12. Re1 Qb6 13. Qc2 Nb4 14. Qe4 e5 15. dxe5 Bf5 16. Qh4 Nc2 17. Na4 Qc7 18. Bf4 Nxa1 19.
Rxa1 Qd8 20. Bg5 Qd3 21. Re1 Rfe8 22. h3 Qc2 23. Bh6 Rad8 24. Bxg7 Kxg7 25. Nd4 Qd2 26. Nxf5+ gxf5 27. Qf6+ Kg8 28.
Re3 Rd3 29. Qg5+ Kh8 30. Qf6+ Kg8 31. Qg5+ Kh8 1/2-1/2